 Dungeon Crawl Stone Soup version 0.29-a0-197-ge3fb4bd5a4 (webtiles) character file.

Game seed: 350372201000674933

1477 inmateoo the Cleaver (level 8, 0/70 HPs)
             Began as a Minotaur Gladiator on Feb 22, 2022.
             Was a Follower of Makhleb.
             Slain by an orc warrior
             ... wielding a +0 halberd
              (17 damage)
             ... on level 6 of the Dungeon.
             The game lasted 00:04:51 (5319 turns).

inmateoo the Cleaver (Minotaur Gladiator)           Turns: 5319, Time: 00:04:52

Health: 0/70       AC: 14    Str: 21    XL:     8   Next: 49%
Magic:  18/18      EV:  8    Int:  5    God:    Makhleb [*.....]
Gold:   1278       SH:  0    Dex: 12    Spells: 7/7 levels left

rFire   . . .      SeeInvis .   a - +1 war axe
rCold   . . .      Faith    .   (no shield)
rNeg    . . .      Spirit   .   u - +0 plate armour
rPois   +          Reflect  .   c - +1 hat
rElec   .          Harm     .   e - +0 cloak
rCorr   .          Rampage  .   (no gloves)
Will    .....                   (no boots)
Stlth   ..........              (no amulet)
HPRegen 0.21/turn               b - ring of magical power
MPRegen 0.16/turn               v - ring of poison resistance

@: no status effects
A: horns 2, retaliatory headbutt
a: Renounce Religion


You were on level 6 of the Dungeon.
You worshipped Makhleb.
Makhleb was aware of your devotion.
You visited 2 branches of the dungeon, and saw 7 of its levels.

You collected 1278 gold pieces.

Inventory:

Hand Weapons
 a - a +1 war axe (weapon)
 g - a +2 spear of venom
Missiles
 d - 2 throwing nets (quivered)
Armour
 c - a +1 hat (worn)
 e - a +0 cloak (worn)
 u - a +0 plate armour (worn)
Jewellery
 b - a ring of magical power (left hand)
 v - a ring of poison resistance (right hand)
Wands
 f - a wand of acid (16)
Scrolls
 h - 4 scrolls of fog
 j - a scroll of magic mapping
 m - a scroll of identify
 n - a scroll of teleportation
 p - a scroll of amnesia
 t - a scroll of blinking
 w - a scroll of acquirement
Potions
 i - 4 potions of lignification
 k - a potion of mutation
 l - a potion of cancellation {unknown}
 o - 4 potions of curing {unknown}
 q - a potion of heal wounds {unknown}
 r - a potion of ambrosia {unknown}
 s - a potion of invisibility {unknown}


   Skills:
 + Level 5.8 Fighting
 * Level 8.6 Axes
 - Level 2.0 Throwing
 + Level 5.0 Armour
 + Level 5.9 Dodging
 + Level 3.0 Invocations


You had 7 spell levels left.
You didn't know any spells.
Your spell library contained the following spells:

 Spells                   Type           Power      Damage    Failure   Level
 Sting                    Tmut/Pois      0%         1d3       100%        1
 Corpse Rot               Necr/Air       0%         N/A       100%        2
 Ensorcelled Hibernation  Hex/Ice        0%         N/A       100%        2
 Passwall                 Tmut/Erth      0%         N/A       100%        2
 Poisonous Vapours        Pois/Air       0%         N/A       100%        2
 Gell's Gravitas          Tloc           0%         N/A       100%        3
 Swiftness                Air            0%         N/A       100%        3
 Teleport Other           Tloc           0%         N/A       100%        3
 Tukima's Dance           Hex            0%         N/A       100%        3
 Olgreb's Toxic Radiance  Pois           0%         N/A       100%        4
 Passage of Golubria      Tloc           0%         N/A       100%        4
 Yara's Violent Unravell  Hex/Tmut       0%         3d3       100%        5
 Dispersal                Tloc           0%         N/A       100%        6


Dungeon Overview and Level Annotations

Branches:
Dungeon (6/15)             Temple (1/1) D:4

Altars:
Ashenzari
Cheibriados
Dithmenos
Elyvilon
Fedhas
Gozag
Hepliaklqana
Kikubaaqudgha
Makhleb
Nemelex Xobeh
Okawaru
Qazlal
Ru
Sif Muna
Trog
Uskayaw
Vehumet
Wu Jian
Xom
Yredelemnul
Zin
The Shining One

Shops:
D:4 (


Innate Abilities, Weirdness & Mutations

You have a pair of horns on your head.
You reflexively headbutt those who attack you in melee.


Message History

Your Invocations skill increases to level 3!
The orc warrior barely misses you.
You see here a wand of acid (13).
f - a wand of acid (16) (gained 13 charges)
The orc warrior barely misses you.
The orc warrior hits you from afar with a +0 halberd.
You see here a +0 spear.
You see here a +0 hand axe.
Things that are here:
a +0 dagger; a +0 robe
There is a stone staircase leading up, spattered with blood here.
The orc warrior hits you from afar with a +0 halberd!
You climb upwards.
There is a stone staircase leading down here.
You start resting.
HP restored.
You climb downwards.
The orc warrior hits you from afar with a +0 halberd.
There is a stone staircase leading up, spattered with blood here.
The orc warrior hits you with a +0 halberd!
You see here a +0 hand axe.
You closely miss the orc warrior. Your headbutt misses the orc warrior.
The orc warrior hits you with a +0 halberd!
You hit the orc warrior. Your headbutt misses the orc warrior.
The orc warrior is lightly wounded.
The orc warrior hits you with a +0 halberd!
You slash the orc warrior!
The orc warrior is heavily wounded.
The orc warrior hits you with a +0 halberd!
You are too injured to fight recklessly!
You closely miss the orc warrior.
The orc warrior is heavily wounded.
The orc warrior hits you with a +0 halberd!
* * * LOW HITPOINT WARNING * * *
You are too injured to fight recklessly!
You slash the orc warrior!
The orc warrior is almost dead.
The orc warrior hits you but does no damage.
The orc warrior hits you from afar with a +0 halberd!
You die...

.....)..............##
.....................######.
..............####..........
#....).#.....#######...###.#
#....#.)....................
.......###.#########....####
####..)###.# #.####
#)..[.#.# #####.#
####....#####@....#
###.....#)[#####
#.....o......#
###..#######.# ##.#.....#.#
#..#.....#.# ..#
###..'.._..#.# #.#
#####....#.....#.#. #.#
#...).##.#..)..#...#


You could see an orc warrior.

Vanquished Creatures
  A centaur zombie (D:5)
  An orc warrior (D:5)
  4 ogres
  A necrophage (D:5)
  A wyvern zombie (D:6)
  A scorpion (D:5)
  A howler monkey (D:6)
  3 orc priests (D:6)
  2 iguanas
  Jessica (D:2)
  2 orc wizards
  A howler monkey skeleton (D:5)
  10 adders
  An adder zombie (D:5)
  A worm (D:3)
  3 dart slugs
  12 orcs
  14 ball pythons
  4 bats
  7 endoplasms
  2 giant cockroaches
  18 goblins
  8 hobgoblins
  10 jackals
  3 quokkas
  14 frilled lizards
  5 kobolds
  4 rats
135 creatures vanquished.

Vanquished Creatures (others)
  8 plants (D:1)
  6 withered plants (D:1)
14 creatures vanquished.

Grand Total: 149 creatures vanquished

Notes
Turn   | Place    | Note
-------+----------+-------------------------------------------
     0 | D:1      | inmateoo the Minotaur Gladiator began the quest for the
                  | Orb.
     0 | D:1      | Reached XP level 1. HP: 18/18 MP: 0/0
    33 | D:1      | Reached XP level 2. HP: 12/25 MP: 1/1
    35 | D:1      | Reached skill level 4 in Axes
   252 | D:1      | Reached skill level 1 in Armour
   402 | D:1      | Reached XP level 3. HP: 27/30 MP: 2/2
   599 | D:1      | Found a faded altar of an unknown god.
  1024 | D:2      | Noticed Jessica
  1031 | D:2      | Killed Jessica
  1032 | D:2      | Reached XP level 4. HP: 35/38 MP: 3/3
  1330 | D:2      | Reached skill level 5 in Axes
  1748 | D:2      | Reached XP level 5. HP: 39/45 MP: 4/4
  2583 | D:4      | Noticed an ogre
  2593 | D:4      | Killed an ogre
  2594 | D:4      | Reached XP level 6. HP: 52/52 MP: 5/5
  2650 | D:4      | Identified a scroll of acquirement
  2650 | D:4      | Acquired 926 gold pieces
  2704 | D:4      | Reached skill level 6 in Axes
  2824 | D:4      | Found a staircase to the Ecumenical Temple.
  2833 | Temple   | Entered the Ecumenical Temple
  2952 | Temple   | Became a worshipper of Makhleb the Destroyer
  3069 | D:4      | Found Ceuhuox's Weapon Shop.
  3431 | D:5      | Entered Level 5 of the Dungeon
  3554 | D:5      | Reached skill level 1 in Invocations
  3554 | D:5      | Reached XP level 7. HP: 35/60 MP: 6/6
  3713 | D:5      | Reached skill level 5 in Fighting
  3713 | D:5      | Reached skill level 7 in Axes
  3713 | D:5      | Reached skill level 5 in Dodging
  3909 | D:5      | Reached XP level 8. HP: 63/68 MP: 8/8
  4327 | D:6      | Found a broken altar of Ashenzari.
  4647 | D:5      | Reached skill level 8 in Axes
  4907 | D:6      | Reached * piety under Makhleb
  5051 | D:6      | Reached skill level 5 in Armour
  5319 | D:6      | Slain by an orc warrior

Illustrated notes

Levels and vault maps discovered:
D:1:      amcnicky_arrival_feature_with_door, layout_basic,
          shapermc_ecumenical_altar_flowoftime, minmay_lizard_king
D:2:      kennysheep_the_goblin_king, layout_basic, uniq_jessica
D:3:      layout_basic
D:4:      layout_basic, temple_hall, serial_shops, nicolae_stop_n_shop_1
D:5:      layout_loops_ring
D:6:      layout_rooms, amcnicky_altar_gilded, uniq_crazy_yiuf_cottage
Temple:   kilobyte_greek_temple

Skill      XL: |  1  2  3  4  5  6  7  8 |
---------------+-------------------------+-----
Axes           | 4 5 6 7 8 |  8.6
Armour         | 1 2 3 4 5 |  5.0
Fighting       | 3 4 5 |  5.8
Dodging        | 4 5 |  5.9
Invocations    | 1 2 3 |  3.0
Throwing       | |  2.0

Action                   |  1- 3 |  4- 6 |  7- 9 || total
-------------------------+-------+-------+-------++-------
Melee: War axe           |    86 |   147 |    78 ||   311
       Headbutt          |    10 |    28 |    11 ||    49
       Punch             |       |     2 |       ||     2
Throw: Throwing net      |       |       |     1 ||     1
Evoke: Wand              |       |     3 |     4 ||     7
  Use: Scroll            |     3 |     8 |       ||    11
       Potion            |       |     1 |       ||     1
Armor: Leather armour    |     8 |       |       ||     8
       Ring mail         |    24 |    39 |       ||    63
       Chain mail        |       |    13 |    27 ||    40
       Plate armour      |       |       |    13 ||    13
Dodge: Dodged            |    58 |    83 |    47 ||   188

Table legend: (Time is in decaauts)
 A = Elapsed time spent in this place.
 B = Non-inter-level travel time spent in this place.
 C = Inter-level travel time spent in this place.
 D = Time resting spent in this place.
 E = Time spent auto-exploring this place.
 F = Levels seen in this place.
 G = Mean time per level.
                   A        B        C        D        E       F      G
               +--------+--------+--------+--------+--------+-----+--------+
         Total |   5368 |   5121 |    247 |   1269 |   2911 |   7 |  766.9 |
       Dungeon |   5208 |   5000 |    208 |   1269 |   2805 |   6 |  868.0 |
        Temple |    159 |    120 |     39 |      0 |    106 |   1 |  159.0 |
               +--------+--------+--------+--------+--------+-----+--------+

Top non-repeatable levels by time:
     D:5: 1666 daAuts
     D:1: 1039 daAuts
     D:2: 898 daAuts
     D:3: 691 daAuts
     D:4: 679 daAuts
     D:6: 234 daAuts
  Temple: 159 daAuts
